Map: Site Delta LE

Players

NarN - Winner!

  • Race: Terran Terran
  • League: Platinum
  • Spawn Location: 5:00

Subwayeatn

  • Race: Zerg Zerg
  • League: Platinum
  • Spawn Location: 11:00

VOD

Have the link to the VOD?

Description

Time

  • Played on: Oct. 27, 2023, 7:07 p.m.
  • Length: 24:16
Show
View Real Time Build Order
Export as new Build Order

NarN Terran - Winner!

Build Orders:  

Get SALT Encoding   

  12  0:00  SCV  
  13  0:12  SCV  
  14  0:18  Supply Depot  
  14  0:25  SCV  
  15  0:40  SCV  
  15  0:41  Barracks  
  16  0:45  Refinery  
  16  0:52  SCV  
  18  1:04  SCV  
  18  1:16  SCV  
  19  1:28  SCV  
  19  1:29  Reaper  
  21  1:35  Command Center  
  21  1:40  SCV  
  22  1:47  Supply Depot  
  22  1:53  SCV  
  23  2:07  Orbital Command  
  23  2:08  Marine  
  24  2:19  Bunker, Factory  
  23  2:32  Barracks Reactor  
  22  2:42  Bunker  
  21  2:48  Marine  
  21  3:20  Marine  
  21  3:21  Hellion  
  21  3:24  SCV x2  
  21  3:25  Bunker  
  26  3:37  SCV  
  26  3:38  Refinery  
  26  3:40  Orbital Command  
  27  3:48  Command Center  
  27  3:49  SCV  
  27  3:52  Factory Tech Lab  
  27  3:53  Barracks Reactor  
  28  4:02  Barracks  
  27  4:03  Barracks  
  27  4:08  SCV  
  28  4:10  SCV  
  28  4:12  Siege Tank  
  32  4:20  SCV  
  33  4:24  SCV  
  33  4:26  Starport  
  34  4:32  SCV  
  34  4:37  Marine  
  34  4:38  Marine  
  37  4:41  SCV  
  37  4:45  SCV  
  39  4:53  SCV  
  40  5:01  SCV  
  40  5:04  SCV  
  40  5:05  Siege Tank, Marine, SCV  
  40  5:06  Marine  
  40  5:07  Barracks Reactor, Barracks Tech Lab  
  48  5:13  SCV  
  49  5:16  SCV  
  49  5:17  SCV  
  51  5:22  Starport Tech Lab  
  51  5:24  Marine x2  
  51  5:25  SCV  
  54  5:28  SCV  
  54  5:29  SCV  
  54  5:31  Supply Depot  
  54  5:33  Refinery  
  54  5:35  Refinery  
  56  5:37  SCV  
  56  5:40  SCV  
  56  5:41  SCV  
  59  5:43  Starport  
  59  5:47  Marine x2  
  61  5:52  Stimpack, Marine x3  
  64  5:57  SCV x2  
  64  5:58  SCV  
  67  6:07  Supply Depot  
  67  6:11  SCV x3, Engineering Bay  
  68  6:12  Engineering Bay  
  68  6:13  Marine x2  
  68  6:14  Marine x3  
  75  6:20  Cloaking Field  
  75  6:27  Starport Reactor  
  75  6:28  Banshee  
  75  6:29  SCV x3  
  81  6:39  Marine x3  
  84  6:40  Marine  
  84  6:43  Terran Infantry Weapons Level 1  
  85  6:51  Supply Depot x2  
  85  6:53  Terran Infantry Armor Level 1, Supply Depot  
  85  7:12  Medivac x2, Marine, SCV x3  
  93  7:23  Marine x3  
  93  7:27  Banshee  
  97  7:34  SCV x3  
  103  7:37  Siege Tank  
  103  7:38  Marine x2  
  105  7:45  Armory  
  105  7:56  Medivac  
  105  7:57  Medivac  
  109  7:59  Marine x3  
  109  8:00  Marine x2  
  109  8:05  Combat Shield  
  114  8:09  SCV x3  
  117  8:29  Starport Reactor, Factory  
  117  8:33  Barracks  
  117  8:34  Barracks  
  117  8:35  Barracks  
  110  9:34  Missile Turret x2  
  110  9:36  Missile Turret  
  91  10:03  Missile Turret  
  91  10:06  Missile Turret  
  91  10:08  Missile Turret  
  91  10:10  Barracks Reactor x3  
  91  10:12  Missile Turret  
  91  10:13  Thor x2, Missile Turret  
  103  10:15  Marine x5  
  103  10:17  Medivac x2  
  112  10:29  Viking x2  
  112  10:31  Terran Infantry Weapons Level 2, Terran Infantry Armor Level 2  
  112  10:33  SCV  
  117  10:39  SCV  
  117  10:43  Supply Depot  
  117  10:44  Supply Depot  
  117  10:45  SCV  
  118  10:51  SCV  
  119  10:57  SCV  
  119  11:03  SCV  
  121  11:05  Marine x3  
  121  11:06  Marine x6  
  121  11:07  Marine x2  
  132  11:12  Planetary Fortress  
  132  11:23  Marine x2  
  132  11:25  Missile Turret  
  134  11:27  Missile Turret, Supply Depot, Refinery  
  134  11:28  Sensor Tower  
  134  11:29  Missile Turret, Supply Depot  
  134  11:31  Supply Depot  
  134  11:32  Missile Turret, Supply Depot  
  134  11:33  Bunker  
  134  11:34  Bunker  
  134  11:36  Supply Depot  
  134  11:38  Refinery  
  134  11:40  Marine x6  
  134  11:41  Thor, Marine x2  
  148  11:49  Medivac x3  
  148  11:50  Thor  
  158  12:26  Marine x7  
  158  12:27  Marine x4  
  158  12:28  Thor  
  175  12:30  Medivac  
  175  12:33  Thor  
  175  12:34  SCV x3  
  186  12:43  Marine  
  124  13:24  Marine  
  124  13:25  Marine x7  
  124  13:26  Marine x2  
  134  13:40  Marine  
  135  13:42  Thor x2, Marine x3  
  135  13:43  Marine x6  
  135  13:44  Marine  
  135  13:45  Medivac x2  
  135  13:46  Command Center, Medivac x2  
  163  14:31  Marine x3  
  163  14:32  Marine x8  
  159  14:50  Thor x2  
  171  14:54  Medivac x3  
  171  14:55  Medivac  
  171  14:57  Marine x5  
  171  14:58  Marine x5  
  189  15:04  Command Center  
  189  15:07  Terran Infantry Armor Level 3  
  188  15:24  Marine  
  188  15:25  Marine x7  
  188  15:26  Marine  
  160  15:56  Planetary Fortress  
  156  16:18  Command Center  
  156  16:22  Marine x7  
  156  16:23  Marine x2  
  140  17:15  Marine x8  
  142  17:16  Marine x2  
  140  17:40  Marine x5  
  137  18:17  Marine x2  
  137  18:18  Marine x5  
  144  18:28  SCV  
  145  18:40  SCV  
  130  19:12  Marine  
  130  19:13  Marine x9  
  130  19:14  Marine  
  127  19:30  Marine x3  
  127  19:31  Marine x4  
  134  19:45  SCV  
  134  19:46  SCV x3  
  138  19:58  SCV x4  
  142  20:10  SCV x2  
  144  20:29  SCV x2  
  144  20:30  SCV x2  
  148  20:41  Marine, SCV  
  148  20:42  Marine x7, SCV  
  139  21:27  Marine x2  
  139  21:28  Marine x7  
  139  21:29  Marine  
  139  21:30  Marine  
  139  21:31  Thor  
  156  21:34  Medivac  
  155  22:31  Marine x4  
  155  22:32  Marine x7  
  166  22:40  Command Center  
  166  22:49  Marine x3  
  169  23:00  Marine x3  
  169  23:01  Marine x5  
  169  23:02  Thor  
  183  23:07  Marine  
  184  23:17  Orbital Command  
  184  23:22  Marine x3  
  184  23:23  Marine x3  
  190  23:36  Refinery  
  190  23:38  Refinery  
Show
View Real Time Build Order
Export as new Build Order

Subwayeatn Zerg 

Build Orders: Pool First 

Get SALT Encoding   

  12  0:18  Spawning Pool  
  11  0:21  Drone  
  11  0:26  Drone  
  13  0:30  Drone  
  14  0:57  Hatchery  
  13  1:04  Drone  
  14  1:12  Overlord  
  14  1:30  Queen  
  14  1:32  Zergling x4  
  17  1:33  Zergling x2  
  19  1:44  Zergling x2  
  20  1:56  Drone  
  21  2:06  Drone  
  22  2:11  Queen x2  
  22  2:15  Drone  
  27  2:16  Drone  
  27  2:20  Extractor  
  26  3:17  Hatchery  
  24  3:26  Overlord  
  24  3:27  Overlord  
  24  3:39  Queen  
  26  3:42  Drone  
  26  3:43  Overlord  
  27  3:49  Drone x11  
  38  4:10  Drone x5  
  38  4:12  Metabolic Boost  
  38  4:17  Extractor  
  42  4:26  Evolution Chamber  
  42  4:29  Evolution Chamber  
  40  4:33  Extractor, Overlord  
  40  4:34  Drone x5  
  44  4:43  Lair  
  44  4:50  Spine Crawler  
  43  5:04  Drone  
  43  5:05  Drone x2  
  43  5:06  Drone  
  47  5:08  Drone x3  
  47  5:10  Extractor  
  49  5:18  Overlord  
  49  5:19  Drone x7  
  56  5:25  Overlord  
  56  5:31  Pneumatized Carapace  
  56  5:33  Zerg Ground Armor Level 1  
  56  5:38  Queen  
  58  5:50  Drone x2  
  58  5:53  Infestation Pit  
  58  5:54  Zerg Melee Weapons Level 1  
  58  5:55  Drone  
  58  5:56  Drone x4  
  64  5:59  Overlord  
  64  6:02  Overlord  
  64  6:07  Extractor  
  64  6:08  Extractor  
  62  6:22  Drone x3  
  62  6:23  Drone  
  62  6:25  Drone x9  
  75  6:41  Infestor x2, Spire  
  78  6:48  Drone  
  78  6:52  Overlord  
  79  6:55  Hatchery  
  79  7:00  Overseer  
  78  7:17  Hive  
  78  7:25  Zergling x2  
  78  7:26  Zergling x12  
  85  8:02  Mutalisk x10  
  105  8:06  Zergling x2  
  105  8:09  Queen  
  108  8:19  Zerg Ground Armor Level 2  
  108  8:20  Zerg Melee Weapons Level 2  
  108  8:28  Spine Crawler  
  107  8:35  Drone x2  
  107  8:36  Drone x3  
  107  8:37  Overlord x3  
  107  8:38  Overlord x2  
  109  8:56  Mutalisk x5  
  117  9:04  Overseer  
  117  9:13  Overseer  
  113  9:29  Overseer  
  109  9:44  Queen  
  103  10:08  Drone x3  
  103  10:09  Drone  
  103  10:12  Viper x3, Hatchery  
  103  10:13  Viper  
  118  10:20  Mutalisk x4  
  126  10:23  Overlord x2  
  126  10:30  Mutalisk  
  126  10:32  Mutalisk  
  126  10:45  Extractor  
  119  10:50  Extractor  
  119  10:51  Hatchery  
  119  10:53  Extractor  
  110  10:59  Zergling x26  
  123  11:04  Zerg Ground Armor Level 3, Zerg Melee Weapons Level 3  
  123  11:07  Zerg Flyer Armor Level 1  
  123  11:28  Overlord x2  
  123  11:31  Corruptor x3  
  129  11:33  Mutalisk  
  129  11:34  Extractor  
  130  11:52  Baneling Nest  
  129  12:11  Zergling x6  
  129  12:12  Zergling x22  
  121  12:56  Viper x2  
  103  13:21  Zergling x2  
  103  13:22  Zergling x18  
  103  13:25  Queen  
  103  13:26  Queen  
  114  13:35  Zergling x2  
  114  13:36  Zergling x10  
  114  13:38  Centrifugal Hooks  
  120  13:47  Zergling x6  
  123  13:49  Infestor  
  125  13:57  Baneling  
  125  13:58  Baneling x16  
  125  13:59  Baneling  
  125  14:00  Zergling x4  
  125  14:01  Zergling x14  
  132  14:17  Zergling x2  
  132  14:18  Zergling x16  
  141  14:29  Mutalisk x2  
  141  14:30  Mutalisk x2  
  149  14:42  Zergling x8  
  149  14:43  Zergling x2  
  149  14:44  Zergling x2  
  149  14:45  Zergling x12  
  161  14:53  Zergling x2  
  161  14:56  Zerg Flyer Armor Level 2  
  161  14:59  Mutalisk  
  162  15:00  Mutalisk x3  
  170  15:07  Drone  
  170  15:08  Drone x2  
  98  15:51  Zergling x28  
  98  15:52  Zergling x10  
  115  15:57  Infestor x2  
  119  16:21  Mutalisk  
  119  16:22  Mutalisk x8, Extractor  
  119  16:23  Hatchery  
  135  16:26  Extractor  
  135  16:31  Hatchery  
  126  16:34  Zergling x12  
  126  16:35  Zergling x2  
  125  16:47  Baneling x6  
  99  17:09  Zergling x2  
  99  17:10  Zergling x38  
  96  17:16  Queen  
  98  17:26  Zergling x2  
  98  17:27  Zergling x10  
  98  17:35  Zergling x4  
  85  17:43  Queen  
  63  18:10  Zergling x12, Extractor  
  63  18:11  Zergling x24, Hatchery  
  79  18:13  Extractor  
  79  18:17  Spine Crawler  
  79  18:19  Spine Crawler  
  75  18:20  Spine Crawler  
  75  18:21  Spine Crawler  
  75  18:22  Spine Crawler x2  
  75  18:25  Spine Crawler  
  75  18:26  Zerg Flyer Armor Level 3, Spine Crawler  
  69  18:29  Spine Crawler  
  64  18:34  Zergling x2  
  64  18:35  Zergling x22  
  76  18:43  Zerg Missile Weapons Level 1  
  76  18:44  Zergling x4  
  76  18:45  Zergling x2  
  80  18:54  Zergling x8  
  80  18:55  Zergling x6  
  58  19:18  Zergling x22  
  52  19:30  Queen  
  47  19:41  Zergling x2  
  47  19:42  Zergling x12  
  52  19:49  Hatchery  
  51  20:06  Zergling x12  
  51  20:07  Zergling x4  
  59  20:10  Viper x2  
  63  20:18  Overseer  
  63  20:23  Viper x2  
  69  20:31  Zergling x4  
  69  20:32  Zergling x12  
  77  20:46  Zergling x4  
  77  20:47  Zergling x12  
  66  20:59  Zergling x4  
  66  21:00  Zergling x10  
  55  21:07  Queen  
  41  21:22  Spine Crawler x2  
  41  21:23  Spine Crawler  
  35  21:25  Spine Crawler  
  35  21:29  Zergling x18  
  43  21:41  Hatchery  
  43  21:43  Queen  
  43  21:46  Roach Warren  
  43  21:49  Ultralisk Cavern  
  43  21:54  Hatchery  
  37  21:55  Hatchery  
  37  22:01  Spawning Pool  
  33  22:26  Drone x5  
  36  22:39  Zergling x2  
  36  22:44  Drone x3  
  33  22:55  Queen  
  35  23:08  Queen  
  37  23:23  Drone  
  38  23:28  Drone x2  
  38  23:31  Drone  
  38  23:33  Drone  
  42  23:36  Drone  
  43  23:41  Drone  
  43  23:42  Drone  
Tags
 
Matchup
TvZ
Opening
Pool First
Replay Pack
Multiplayer
Spawn Locations
Cross Positions
Add a new tag
Caveats
  • Supply blocks, unpowered buildings, or Contaminate may cause inaccurate times.
  • Supply counts are checked every 10 seconds.